 Dungeon Crawl Stone Soup version 0.29-a0-266-gf56f883ddd (webtiles) character file.

Game seed: 17582916189912340393

386 sokol815 the Slicer (level 7, -1/40 HPs)
             Began as a Kobold Brigand on Mar 7, 2022.
             Slain by an ogre
             ... wielding a +0 giant spiked club
              (18 damage)
             ... on level 5 of the Dungeon.
             The game lasted 00:08:14 (4865 turns).

sokol815 the Slicer (Kobold Brigand)                Turns: 4865, Time: 00:08:15

Health: -1/40      AC:  7    Str:  9    XL:     7   Next: 6%
Magic:  7/7        EV: 12    Int: 12    God:
Gold:   217        SH:  0    Dex: 18    Spells: 6/6 levels left

rFire   . . .      SeeInvis .   a - +1 dagger (drain)
rCold   . . .      Faith    .   (no shield)
rNeg    . . .      Spirit   .   i - +0 ring mail
rPois   .          Reflect  .   (no helmet)
rElec   .          Harm     .   c - +0 cloak
rCorr   .          Rampage  .   (no gloves)
Will    .....                   h - +0 pair of boots
Stlth   ++++......              (no amulet)
HPRegen 0.13/turn               Z - ring of wizardry {Wiz+, !d}
MPRegen 0.10/turn               (no ring)

@: no status effects
A: small, no large weapons, nightstalker 3
a: no special abilities


You were on level 5 of the Dungeon.
You visited 1 branch of the dungeon, and saw 5 of its levels.

You collected 217 gold pieces.

Inventory:

Hand Weapons
 a - a +1 dagger of draining (weapon)
   (You took it off an orc on level 5 of the Dungeon)
 l - a +1 dagger of freezing
   (You took it off an orc on level 5 of the Dungeon)
 q - a +2 dagger
 r - a +0 falchion
   (You took it off a goblin on level 2 of the Dungeon)
Missiles
 d - 9 poisoned darts
 e - 3 curare-tipped darts
 s - 42 stones
Armour
 b - a +0 robe
 c - a +0 cloak (worn)
 h - a +0 pair of boots (worn)
   (You found it on level 1 of the Dungeon)
 i - a +0 ring mail (worn)
   (You found it on level 4 of the Dungeon)
 m - a +0 leather armour
   (You took it off a kobold on level 2 of the Dungeon)
Jewellery
 g - a +6 ring of dexterity
   (You took it off an orc wizard on level 5 of the Dungeon)
 Z - a ring of wizardry (left hand) {Wiz+, !d}
   (You found it on level 4 of the Dungeon)
Scrolls
 S - a scroll of summoning
 X - 2 scrolls of magic mapping {@r4!r}
 Y - a scroll of teleportation {@r3}
Potions
 f - a potion of berserk rage {unknown}
 j - a potion of resistance {unknown}
 k - 2 potions of brilliance {unknown}
 n - a potion of cancellation {unknown}
 o - a potion of mutation {unknown}
 t - 2 potions of degeneration {unknown}
 H - a potion of haste
 I - a potion of invisibility
 M - a potion of might
 P - 3 potions of lignification {!q}


   Skills:
 - Level 2.1 Fighting
 + Level 9.2 Short Blades
 - Level 2.1 Throwing
 - Level 1.2 Dodging
 - Level 5.3 Stealth


You had 6 spell levels left.
You didn't know any spells.
Your spell library contained the following spells:

 Spells                   Type           Power      Damage    Failure   Level
 Sting                    Tmut/Pois      0%         1d3       34%         1
 Gell's Gravitas          Tloc           0%         N/A       69%         3
 Lesser Beckoning         Tloc           0%         N/A       69%         3
 Teleport Other           Tloc           0%         N/A       69%         3


Dungeon Overview and Level Annotations

Branches:
Dungeon (5/15)
 Temple: D:4-7

Altars:

Shops:
D:1 [


Innate Abilities, Weirdness & Mutations

You are small and have problems with some larger weapons.
You are completely attuned to the shadows.


Message History

You closely miss the orc priest.
The orc priest begins to cast a cantrip, but forgets the words!
You hit the orc priest.
You kill the orc priest!
Your Short Blades skill increases to level 9!
There is a stone staircase leading up here.
You climb upwards.
There is a stone staircase leading down here.
You hit the orc. You drain the orc. The orc barely misses you.
You hit the orc but do no damage. You barely miss the orc.
The orc barely misses you.
You barely miss the orc. The orc hits you with a +0 hand axe.
You take 2 damage, and have 30/35 hp.
You hit the orc.
You kill the orc!
No target in view!
Things that are here:
a +0 hand axe; an orc corpse You see here a scorpion corpse.
There is a stone staircase leading down here.
You regained 2 hp, and now have 32/35 hp.
Unknown command.
You climb downwards.
There is a stone staircase leading up here.
You now have 188 gold pieces (gained 17).
p - a scroll of identify {@r1} You see here a scroll of vulnerability {!r!r}.
Health restored: 35
As you read the scroll of identify {@r1}, it crumbles to dust.
g - 3 potions of lignification;
P - 3 potions of lignification
Found an escape hatch in the floor.
There is an escape hatch in the floor here.
S - a scroll of summoning
Y - a scroll of teleportation {@r3} You now have 202 gold pieces (gained 14).
You see here a +0 whip.
There is a stone staircase leading up here.
Things that are here:
a +0 club; an orc corpse The orc hits you with a +0 dagger.
You take 4 damage, and have 31/35 hp.
The orc wizard shouts!
You hit the orc but do no damage. You hit the orc but do no damage.
You hit the orc wizard. You drain the orc wizard. You hit the orc wizard.
You hit the orc wizard.
You hit the orc wizard but do no damage.
The orc wizard mumbles some strange words.
The orc wizard flickers and vanishes!
Deactivating autopickup; reactivate with Ctrl-A.
The orc hits you but does no damage.
You hit the orc but do no damage. You drain the orc. You closely miss the orc.
Something hits you but does no damage. The orc hits you but does no damage.
You hit the orc. Something hits you. The orc closely misses you.
You take 2 damage, and have 29/35 hp.
You hit the orc.
You kill the orc!
No target in view!
No target in view!
You hit something but do no damage. Something hits you but does no damage.
You closely miss something. You hit something but do no damage.
Something hits you.
You take 1 damage, and have 29/35 hp.
You hit something. You hit something but do no damage.
Something hits you but does no damage.
You miss something. You miss something. Your punch misses something.
Something hits you.
You take 1 damage, and have 28/35 hp.
You hit something.
Reactivating autopickup.
You feel a bit more experienced.
You have reached level 7!
You regained 4 hp, and now have 32/40 hp.
MP restored: 7
g - a +6 ring of dexterity You now have 217 gold pieces (gained 15).
Things that are here:
a +0 dagger; a +0 leather armour; an orc corpse
Things that are here:
a +0 dagger; a +0 leather armour
t - 2 fizzy dark potions (gained 1)
There is a stone staircase leading up here.
There is a stone staircase leading up here.
An ogre is nearby!
Health restored: 40 The ogre shouts!
You hit the ogre. The ogre closely misses you.
You closely miss the ogre. You barely miss the ogre.
The ogre hits you with a +0 giant spiked club!!
Ouch! That really hurt!
You take 23 damage, and have 17/40 hp.
MASSIVE DAMAGE!!
You hit the ogre. You completely miss the ogre. You hit the ogre.
You drain the ogre.
The ogre hits you with a +0 giant spiked club!!
You die...

### ##.# #..# #..# ##.##
## #..# .# #######<.####.#
.# ##...#...##....# .#
####.........@.##.# .#
#............O###.# .#
#.............###.##### .#
#.....................#
.###.....................#
.........................#
##.#.....................#
#.........####...........#
#......##.#..............#


You could see an ogre (drained).

Vanquished Creatures
  A scorpion (D:4)
  A hound (D:4)
  2 jellies
  An orc priest (D:5)
  An iguana (D:4)
  An orc wizard (D:5)
  5 adders
  A white imp (D:5)
  3 worms
  2 dart slugs (D:2)
  7 orcs
  2 ball pythons (D:4)
  8 bats
  8 endoplasms
  4 giant cockroaches
  6 goblins
  7 hobgoblins
  7 jackals
  3 quokkas
  5 frilled lizards
  6 kobolds
  7 rats
88 creatures vanquished.

Vanquished Creatures (others)
  24 plants (D:2)
24 creatures vanquished.

Grand Total: 112 creatures vanquished

Notes
Turn   | Place    | Note
-------+----------+-------------------------------------------
     0 | D:1      | sokol815 the Kobold Brigand began the quest for the Orb.
     0 | D:1      | Reached XP level 1. HP: 12/12 MP: 1/1
    36 | D:1      | Reached skill level 3 in Short Blades
   203 | D:1      | Reached XP level 2. HP: 17/17 MP: 2/2
   289 | D:1      | Found a faded altar of an unknown god.
   293 | D:1      | Got Plato's Guide on Changing
   323 | D:1      | Found Fyazopn's Armour Shoppe.
   446 | D:1      | Reached skill level 4 in Short Blades
   613 | D:1      | Reached XP level 3. HP: 21/21 MP: 3/3
   970 | D:2      | HP: 4/21 [worm (2)]
   972 | D:2      | Reached skill level 5 in Short Blades
  1265 | D:2      | Reached XP level 4. HP: 26/26 MP: 4/4
  2246 | D:2      | Reached skill level 6 in Short Blades
  3364 | D:4      | Reached XP level 5. HP: 30/30 MP: 5/5
  3471 | D:3      | HP: 7/30 [acid (3)]
  3474 | D:3      | Reached skill level 7 in Short Blades
  4079 | D:4      | Reached XP level 6. HP: 35/35 MP: 6/6
  4251 | D:5      | Entered Level 5 of the Dungeon
  4389 | D:5      | Reached skill level 8 in Short Blades
  4396 | D:5      | HP: 8/35 [white imp/puff of frost (6)]
  4398 | D:5      | HP: 3/35 [white imp/puff of frost (5)]
  4549 | D:5      | Noticed an ogre
  4558 | D:5      | Reached skill level 9 in Short Blades
  4747 | D:5      | Reached XP level 7. HP: 32/40 MP: 7/7
  4865 | D:5      | Slain by an ogre

Illustrated notes

Levels and vault maps discovered:
D:1:      evilmike_arrival_fibonacci_small, layout_rooms,
          shapermc_ecumenical_altar_rom_forum, serial_shops, shop_fountains,
          chequers_jeans, hex_intersection
D:2:      layout_basic, minmay_misc_feat_iff, kennysheep_boxes
D:3:      layout_loops_cross, minmay_misc_feat_nine_boxes,
          kennysheep_generic_room_5
D:4:      layout_cave_pools
D:5:      layout_rooms

Skill      XL: |  1  2  3  4  5  6 |
---------------+-------------------+-----
Short Blades   | 3 4 5 6 7 9 |  9.2
Fighting       | |  2.1
Throwing       | |  2.1
Dodging        | |  1.2
Stealth        | |  5.3

Action                   |  1- 3 |  4- 6 |  7- 9 || total
-------------------------+-------+-------+-------++-------
Melee: Dagger            |    77 |   182 |     6 ||   265
       Punch             |       |     1 |       ||     1
  Use: Scroll            |       |    15 |       ||    15
       Potion            |       |     1 |       ||     1
 Stab: Sleeping          |    14 |    18 |       ||    32
       Distracted        |       |     1 |       ||     1
Armor: Robe              |    12 |     6 |       ||    18
       Leather armour    |       |     5 |       ||     5
       Ring mail         |       |    17 |       ||    17
Dodge: Dodged            |    33 |    59 |     1 ||    93

Table legend: (Time is in decaauts)
 A = Elapsed time spent in this place.
 B = Non-inter-level travel time spent in this place.
 C = Inter-level travel time spent in this place.
 D = Time resting spent in this place.
 E = Time spent auto-exploring this place.
 F = Levels seen in this place.
 G = Mean time per level.
                   A        B        C        D        E       F      G
               +--------+--------+--------+--------+--------+-----+--------+
         Total |   4787 |   4679 |    108 |   1032 |   2936 |   5 |  957.4 |
       Dungeon |   4787 |   4679 |    108 |   1032 |   2936 |   5 |  957.4 |
               +--------+--------+--------+--------+--------+-----+--------+

Top non-repeatable levels by time:
     D:2: 1488 daAuts
     D:3: 1231 daAuts
     D:1: 858 daAuts
     D:4: 764 daAuts
     D:5: 444 daAuts

Table legend:
 A = Kills in this place as a percentage of kills in entire the game.
 B = Kills by you in this place as a percentage of kills by you in the entire game.
 C = Kills by friends in this place as a percentage of kills by friends in the entire game.
 D = Other kills in this place as a percentage of other kills in the entire game.
 E = Experience gained in this place as a percentage of experience gained in the entire game.
 F = Experience gained in this place divided by the number of levels of this place that you have seen.
                   A       B       C       D       E      F
               +-------+-------+-------+-------+-------+----------------------
         Total | 100.0 | 100.0 |   N/A |   N/A | 100.0 | 110.4
       Dungeon | 100.0 | 100.0 |   N/A |   N/A | 100.0 | 110.4
               +-------+-------+-------+-------+-------+----------------------
